 Dungeon Crawl Stone Soup version bcrawl-1.39.1 (webtiles) character file.

Game seed: 1347319732120795818

163422 Finalfun the Chopper (level 5, -1/46 HPs)
             Began as a Minotaur Fighter on Sept 21, 2023.
             Was an Initiate of the Shining One.
             Slain by an orc wizard
             ... wielding a +0 spear
              (5 damage)
             ... on level 3 of the Dungeon.
             The game lasted 00:07:00 (2411 turns).

Finalfun the Chopper (Minotaur Fighter)             Turns: 2411, Time: 00:07:01

Health: -1/46      AC:  8    Str: 21    XL:     5   Next: 43%
Magic:  4/4        EV:  7    Int:  5    God:    the Shining One [......]
Gold:   289        SH:  0    Dex: 10    Spells: 4/4 levels left

rFire    . . .     GDR:     26% a - +0 war axe
rCold    . . .     SeeInvis .   c - +0 medium shield
rNeg     . . .     Gourm    .   b - +0 scale mail
rPois    .         Faith    .   (helmet restricted)
rElec    .         Spirit   .   (no cloak)
rCorr    .         Reflect  .   (no gloves)
MR       .....                  h - +0 pair of boots
Stlth    ..........             (no amulet)
HPRegen  0.17/turn              p - ring of flight
MPRegen  0.09/turn              (no ring)

@: confused, glowing
A: retaliatory headbutt, horns 2
a: Renounce Religion, Evoke Flight


You were on level 3 of the Dungeon.
You worshipped the Shining One.
The Shining One was noncommittal.
You were hungry.

You visited 1 branch of the dungeon, and saw 3 of its levels.

You collected 289 gold pieces.

Inventory:

Hand Weapons
 a - a +0 war axe (weapon)
Armour
 b - a +0 scale mail (worn)
 c - a +0 medium shield (worn)
 h - a +0 pair of boots (worn)
Jewellery
 p - a ring of flight (left hand)
Scrolls
 i - a scroll of identify
 j - a scroll of immolation {unknown}
 l - 2 scrolls of remove curse
 n - a scroll of enchant weapon {unknown}
 o - a scroll of amnesia {unknown}
 q - a scroll of blinking {unknown}
 r - 4 scrolls of enchant armour {unknown}
 v - a scroll of fog {unknown}
 w - a scroll of fear {unknown}
Potions
 d - 2 potions of might
 f - 3 potions of curing {unknown}
 g - 2 potions of haste {unknown}
 k - a potion of flight {unknown}
 s - a potion of lignification {unknown}
 t - a potion of heal wounds {unknown}
 u - 2 potions of mutation {unknown}
Comestibles
 e - 9 rations {!d}


   Skills:
 - Level 4.0 Fighting
 + Level 4.3 Axes
 - Level 4.0 Armour
 - Level 4.0 Dodging
 - Level 4.0 Shields


You had 4 spell levels left.
You didn't know any spells.
Your spell library was empty.

Dungeon Overview and Level Annotations

Branches:
Dungeon (3/12)

Altars:
Fedhas
The Shining One


Innate Abilities, Weirdness & Mutations

You reflexively headbutt those who attack you in melee.
You have a pair of horns on your head.


Message History

You barely miss something. Your headbutt misses something.
You hear some strange, mumbled words.
You are confused.
You hear some strange, mumbled words.
You are more confused.
You hear some strange, mumbled words.
You are more confused.
You're too confused to move!
An orc wizard appears from thin air!
Reactivating autopickup.
The orc wizard hits you but does no damage.
You bump into the rock wall.
The orc wizard gestures at you while chanting.
The puff of flame hits you!
* * * LOW HITPOINT WARNING * * *
You closely miss the orc wizard.
The orc wizard is heavily wounded.
The orc wizard hits you but does no damage.
You bump into the rock wall.
The orc wizard closely misses you.
The orc wizard hits you with a +0 spear.
You die...

##.....## ##.......## #.........#
#.........# #.........#
#.........# ##.........# #######
########...<.....##
###.....#######o@...............#
..............).###..#..........#
##..##......#######.............#
............#.........#.........#
...###.............####.........#
.####..........##### ##.o.....##
..#.....##.#..## ####.....##
#.....###.....########.....####
..##..##....##..........##.#


You could see an orc wizard.

Vanquished Creatures
  An orc wizard (D:3)
  A worker ant (D:2)
  A gnoll (D:2)
  3 adders (D:3)
  An ooze (D:1)
  3 worms
  3 dart slugs
  4 leopard geckos
  An orc (D:3)
  4 giant cockroaches
  11 goblins
  8 hobgoblins
  7 jackals (D:2)
  6 quokkas
  3 ball pythons
  6 bats
  7 frilled lizards
  8 kobolds
  8 rats
86 creatures vanquished.

Notes
Turn   | Place    | Note
-------+----------+-------------------------------------------
     0 | D:1      | Finalfun the Minotaur Fighter began the quest for the Orb.
     0 | D:1      | Reached XP level 1. HP: 19/19 MP: 0/0
    65 | D:1      | Reached XP level 2. HP: 27/27 MP: 1/1
   421 | D:1      | Reached XP level 3. HP: 33/33 MP: 2/2
   840 | D:2      | Reached skill level 1 in Dodging
   871 | D:2      | Reached XP level 4. HP: 40/40 MP: 3/3
  1461 | D:2      | Found a glowing golden altar of the Shining One.
  1497 | D:2      | Became a worshipper of the Shining One
  1923 | D:3      | Reached XP level 5. HP: 46/46 MP: 4/4
  1984 | D:3      | Found a blossoming altar of Fedhas.
  2411 | D:3      | Slain by an orc wizard

Skill      XL: |  1  2  3  4  5 |
---------------+----------------+-----
Fighting       | 4 |  4.0
Armour         | 4 |  4.0
Shields        | 4 |  4.0
Axes           | 3 4 |  4.3
Dodging        | 1 3 4 |  4.0

Action                   |  1- 3 |  4- 6 || total
-------------------------+-------+-------++-------
Melee: War axe           |    73 |   147 ||   220
       Headbutt          |     8 |    19 ||    27
  Use: Scroll            |     2 |     1 ||     3
  Eat: Chunk             |     3 |     9 ||    12
Armor: Scale mail        |    32 |    69 ||   101
Dodge: Dodged            |    10 |    29 ||    39
Block: Medium shield     |    31 |    74 ||   105
